 Dungeon Crawl Stone Soup version 0.20.0 (webtiles) character file.

871 Llamajah the Shield-Bearer (level 8, -1/63 HPs)
             Began as a Formicid Fighter on June 15, 2017.
             Slain by Prince Ribbit (7 damage)
             ... on level 5 of the Dungeon.
             The game lasted 00:10:40 (4703 turns).

Llamajah the Shield-Bearer (Formicid Fighter)       Turns: 4703, Time: 00:10:41

Health: -1/63      AC: 12    Str: 27    XL:     8   Next: 24%
Magic:  8/8        EV:  7    Int:  9    God:
Gold:   360        SH: 10    Dex: 10    Spells: 7/7 levels left

rFire    . . .     SeeInvis +   a - +0 war axe
rCold    . . .     Gourm    +   c - +0 shield
rNeg     . . .     Faith    .   o - +0 plate armour
rPois    +         Spirit   .   (helmet unavailable)
rElec    .         Reflect  .   (no cloak)
rCorr    .         Harm     .   (no gloves)
MR       .....                  (no boots)
Stlth    ..........             l - amulet of the gourmand
Regen    0.2/turn               z - ring of poison resistance
MPRegen  0.2/turn               (no ring)

@: mighty
A: permanent stasis, dig shafts and tunnels, four strong arms, antennae 3
a: Dig, Shaft Self


You were on level 5 of the Dungeon.
You were completely stuffed.

You visited 1 branch of the dungeon, and saw 5 of its levels.

You collected 360 gold pieces.

Inventory:

Hand Weapons
 a - a +0 war axe (weapon)
Armour
 b - a +0 scale mail
 c - a +0 shield (worn)
 o - a +0 plate armour (worn)
Jewellery
 l - an amulet of the gourmand (around neck)
 z - a ring of poison resistance (left hand)
Wands
 y - a wand of lightning (9/15)
Scrolls
 h - 2 scrolls of noise {unknown}
 k - a scroll of teleportation {unknown}
 m - 2 scrolls of magic mapping {unknown}
 p - a scroll of fog {unknown}
 q - a scroll of fear {unknown}
 s - 3 scrolls of identify {unknown}
 w - 2 scrolls of amnesia {unknown}
 A - a scroll of remove curse {unknown}
Potions
 d - 4 potions of flight {unknown}
 e - a potion of degeneration {unknown}
 i - 3 potions of curing {unknown}
 n - a potion of heal wounds {unknown}
 r - 3 potions of mutation {unknown}
 t - 2 potions of agility {unknown}
 u - a potion of haste {unknown}
 v - a potion of lignification {unknown}
Comestibles
 f - 3 bread rations
 g - 5 fruits
 j - 4 meat rations


   Skills:
 + Level 5.4 Fighting
 + Level 4.4 Axes
 + Level 5.4 Armour
 + Level 3.3 Dodging
 + Level 5.7 Shields


You had 7 spell levels left.
You didn't know any spells.

Dungeon Overview and Level Annotations

Branches:
Dungeon (5/15)
 Temple: D:4-7

Altars:
Qazlal
Vehumet

Annotations:
D:5 Prince Ribbit


Innate Abilities, Weirdness & Mutations

You cannot be hasted, slowed, berserked, paralysed or teleported.
You can dig through walls and to a lower floor.
Your four strong arms can wield two-handed weapons with a shield.
You have a pair of large antennae on your head. (SInv)


Message History

You block Prince Ribbit's attack.
Your plate armour prevents you from hitting Prince Ribbit.
Prince Ribbit is moderately wounded.
You completely miss the quokka.
Prince Ribbit asks, "Just a little smooch?"
Prince Ribbit blinks!
You block the quokka's attack.
Prince Ribbit sighs, "It's not easy being green!"
You block the quokka's attack. The quokka bites you.
* * * LOW HITPOINT WARNING * * *
You closely miss Prince Ribbit.
Prince Ribbit is moderately wounded.
You slash the quokka!
You kill the quokka!
Prince Ribbit closely misses you.
Prince Ribbit hits you but does no damage.
You slash Prince Ribbit!
Prince Ribbit is heavily wounded.
Prince Ribbit asks, "Just a little smooch?"
You block Prince Ribbit's attack. Prince Ribbit hits you!
You die...

#.....#...
#.....#...#.....#...
#.....#...#.....###'
#.....#...#.........
#.....#...#.........
#.....#...#..[......
#.....#...#.........
#<.F†.#...#.........
#..@..'...#.........
#.....#...#.........
#.....#...#.........
#.....###'#.........
#.................##
+.................#
#.................#
#.................#
................#


You could see Prince Ribbit.

Vanquished Creatures
  The ghost of loopi the Magician, an amateur DECj (D:3)
  A gnoll sergeant (D:5)
  A howler monkey (D:4)
  A crimson imp (D:5)
  A hound (D:5)
  3 orc priests
  An orc wizard (D:5)
  Jessica (D:3)
  Ijyb (D:5)
  3 worker ants
  14 adders
  11 gnolls
  5 worms
  2 dart slugs (D:4)
  3 leopard geckos
  12 orcs
  14 bats
  5 giant cockroaches
  14 goblins
  22 hobgoblins
  3 quokkas
  A ball python (D:3)
  2 frilled lizards
  14 kobolds
  16 rats
152 creatures vanquished.

Notes
Turn   | Place    | Note
-------+----------+-------------------------------------------
     0 | D:1      | Llamajah the Formicid Fighter began the quest for the Orb.
     0 | D:1      | Reached XP level 1. HP: 18/18 MP: 1/1
    94 | D:1      | Reached XP level 2. HP: 22/24 MP: 2/2
   716 | D:2      | Reached XP level 3. HP: 19/29 MP: 3/3
  1007 | D:2      | Reached XP level 4. HP: 35/37 MP: 4/4
  1083 | D:2      | Reached skill level 1 in Dodging
  1420 | D:2      | Found a radiant altar of Vehumet.
  1428 | D:2      | Reached XP level 5. HP: 42/42 MP: 5/5
  1868 | D:3      | Noticed loopi's ghost (amateur DECj)
  1878 | D:3      | Killed loopi's ghost
  1878 | D:3      | Reached XP level 6. HP: 30/49 MP: 6/6
  2491 | D:3      | Noticed Jessica
  2501 | D:3      | Killed Jessica
  3093 | D:4      | Reached XP level 7. HP: 50/55 MP: 7/7
  3418 | D:4      | Reached skill level 5 in Shields
  3420 | D:4      | Found a stormy altar of Qazlal.
  3579 | D:4      | Reached skill level 5 in Fighting
  3908 | D:5      | Entered Level 5 of the Dungeon
  3946 | D:5      | Reached skill level 5 in Armour
  4259 | D:5      | Reached XP level 8. HP: 40/62 MP: 8/8
  4400 | D:5      | Noticed Ijyb
  4408 | D:5      | Killed Ijyb
  4687 | D:5      | Noticed Prince Ribbit
  4703 | D:5      | Slain by Prince Ribbit

Skill      XL: |  1  2  3  4  5  6  7 |
---------------+----------------------+-----
Dodging        | 1 2 3 |  3.3
Fighting       | 4 5 |  5.4
Shields        | 4 5 |  5.7
Armour         | 4 5 |  5.4
Axes           | 3 4 |  4.4

Action                   |  1- 3 |  4- 6 |  7- 9 || total
-------------------------+-------+-------+-------++-------
Melee: War axe           |    80 |   250 |   247 ||   577
  Use: Potion            |       |     1 |     1 ||     2
  Eat: Chunk             |     3 |    14 |     7 ||    24
Armor: Scale mail        |    32 |       |       ||    32
       Plate armour      |    10 |   167 |   172 ||   349
Dodge: Dodged            |    28 |    65 |    74 ||   167
Block: Shield            |    43 |   161 |   157 ||   361
